 Dungeon Crawl Stone Soup version 0.20-a0-641-g673355a (webtiles) character file.

107 graki42 the Shield-Bearer (level 5, 0/36 HPs)
             Began as a Halfling Fighter on Feb 13, 2017.
             Was an Initiate of the Shining One.
             Killed by nerve-wracking pain
             ... invoked by an orc priest
              (11 damage)
             ... on level 4 of the Dungeon.
             The game lasted 00:04:34 (2230 turns).

graki42 the Shield-Bearer (Halfling Fighter)        Turns: 2230, Time: 00:04:34

Health: 0/36       AC:  8    Str: 17    XL:     5   Next: 10%
Magic:  5/5        EV:  9    Int:  7    God:    the Shining One [......]
Gold:   94         SH: 10    Dex: 14    Spells: 4/4 levels left

rFire    . . .     SeeInvis .   a - +0 long sword
rCold    . . .     Gourm    .   b - +0 scale mail
rNeg     . . .     Faith    .   c - +0 shield
rPois    .         Spirit   .   (no helmet)
rElec    .         Reflect  .   (no cloak)
rCorr    .         Harm     .   (no gloves)
MR       .....                  p - +0 pair of boots
Stlth    ..........             r - amulet of regeneration
Regen    0.6/turn               (no ring)
MPRegen  0.1/turn               (no ring)

@: glowing
A: mutation resistance 1
a: Renounce Religion


You were on level 4 of the Dungeon.
You worshipped the Shining One.
The Shining One was noncommittal.
You were hungry.

You visited 1 branch of the dungeon, and saw 4 of its levels.

You collected 94 gold pieces.

Inventory:

Hand Weapons
 a - a +0 long sword (weapon)
Armour
 b - a +0 scale mail (worn)
 c - a +0 shield (worn)
 p - a +0 pair of boots (worn)
Jewellery
 h - a +3 amulet of reflection
 r - an amulet of regeneration (around neck)
Scrolls
 e - 4 scrolls of identify {unknown}
 i - a scroll of magic mapping {unknown}
 l - 6 scrolls of teleportation {unknown}
 m - a scroll of random uselessness {unknown}
 s - a scroll of fog {unknown}
Potions
 d - a potion of might
 k - a potion of berserk rage {unknown}
 n - a potion of degeneration {unknown}
 o - a potion of heal wounds
Comestibles
 f - a bread ration
 g - 3 fruits
 j - a royal jelly


   Skills:
 + Level 2.9 Fighting
 + Level 3.2 Long Blades
 + Level 4.1 Armour
 + Level 0.7 Dodging
 + Level 0.2 Stealth
 + Level 4.1 Shields


You had 4 spell levels left.
You didn't know any spells.

Dungeon Overview and Level Annotations

Branches:
Dungeon (4/15)
 Temple: D:4-7

Altars:
The Shining One


Innate Abilities, Weirdness & Mutations

You are small and have problems with some larger weapons.
You are somewhat resistant to further mutation.


Message History

Something hits you but does no damage. The orc priest closely misses you.
You barely miss something.
You hear some strange, mumbled words.
Something tries to affect you, but you resist.
The orc barely misses you. You block the orc priest's attack.
You miss something. Something hits you but does no damage.
The orc priest barely misses you.
You riposte.
You barely miss the orc priest. You block the orc's attack.
You hit something. You block something's attack.
You block the orc priest's attack. The orc hits you but does no damage.
The orc priest hits you but does no damage.
Something hits you.
You miss something. The orc barely misses you.
Something hits you but does no damage. The orc priest hits you with a whip.
The orc barely misses you.
Your shield and scale mail prevent you from hitting something.
Something hits you but does no damage.
The orc priest calls down the wrath of Beogh upon you.
Pain shoots through your body!
You die...

### ###
#.######.#
#@{......#
##o######.#
#..)oo......#
###...####..#
..... #..####
#..#.#.
#..##.. .$%
.#..#...#.#
###. .#
.#.#.#.####++
#. ..
.#.#'#'##....


You could see an orc priest and 2 orcs.

Vanquished Creatures
  An orc wizard (D:4)
  2 adders
  5 worms
  A dart slug (D:1)
  2 leopard geckos (D:3)
  8 orcs
  3 giant cockroaches
  3 goblins
  3 hobgoblins
  3 jackals (D:2)
  A quokka (D:2)
  A ball python (D:2)
  6 bats
  5 frilled lizards
  A kobold (D:2)
  2 rats
47 creatures vanquished.

Notes
Turn   | Place    | Note
-------+----------+-------------------------------------------
     0 | D:1      | graki42 the Halfling Fighter began the quest for the Orb.
     0 | D:1      | Reached XP level 1. HP: 15/15 MP: 1/1
   315 | D:1      | Reached XP level 2. HP: 20/20 MP: 2/2
  1041 | D:2      | Reached XP level 3. HP: 20/25 MP: 3/3
  1312 | D:2      | Reached XP level 4. HP: 23/30 MP: 4/4
  1551 | D:3      | Noticed an ice beast
  1888 | D:3      | Found a faded altar of an unknown god.
  2050 | D:3      | Found a glowing golden altar of the Shining One.
  2062 | D:3      | Became a worshipper of the Shining One
  2172 | D:4      | Reached XP level 5. HP: 36/36 MP: 5/5
  2230 | D:4      | Killed from afar by an orc priest

Vault maps used:
D:1:      onia_arrival_pyramid
D:3:      chequers_ecumenical_altar_simple_redux, nicolae_tso_swordbearing_angel
D:4:      yredelemnul_altar_generic, lemuel_doored_altar,
          minmay_temple_entry_nine_rooms

Skill      XL: |  1  2  3  4 |
---------------+-------------+-----
Long Blades    | 3 |  3.2
Shields        | 4 |  4.1
Armour         | 4 |  4.1
Fighting       | |  2.9
Dodging        | |  0.7
Stealth        | |  0.2

Action                   |  1- 3 |  4- 6 || total
-------------------------+-------+-------++-------
Melee: Long sword        |   128 |    71 ||   199
  Use: Potion            |     1 |       ||     1
  Eat: Chunk             |     1 |     3 ||     4
Armor: Scale mail        |    60 |    21 ||    81
Dodge: Dodged            |    41 |    28 ||    69
Block: Shield            |    88 |    38 ||   126
       Rpst.: Long sword |    18 |     9 ||    27
